 BcadrenCrawl: Boulder Brew version 0.06-248-gd4d0ce0902 (webtiles) character file.

Game seed: 15422746388259400775, levelgen mode: deterministic

8640 gruber the Thaumaturge (level 11, -1/54 HPs) Deep Elf Ice Elementalist. Began on Aug 14, 2022. Was a Believer of Vehumet. Slain by a black mamba (12 damage) ... on level 1 of the Lair of Beasts on Aug 15, 2022. The game lasted 00:30:11 (7067 turns).

gruber the Thaumaturge (Deep Elf Ice Elementalist)  Turns: 7067, Time: 00:30:11

Health: -1/54      AC:  7    Str:  5    XL:     11 ^: 9504
Magic:  14/30      EV: 18    Int: 29    God:    Vehumet [2* [59]]
Gold:   294        SH:  1    Dex: 15    Spells: 1/36 levels left

rFire    . . .     Slash    x   f - +0 sai
rCold    . . .     Pierce   .   (no weapon)
rNeg     . . .     Bludgeon .   a - +0 robe
rCorr    . . .     Vision   .   e - +0 helmet
rPois    .         Gourm    .   s - +2 cloak
rElec    .         Faith    .   g - +0 pair of gloves
MR       +....     Spirit   .   (no boots)
HPRegen  0.28/turn Reflect  .   (no amulet)
MPRegen  0.40/turn Harm     .   B - ring of intelligence
Stlth    ++........             j - ring of wizardry

@: lethally poisoned (-1 -> -20)
A: soft flesh
a: Renounce Religion


You were on level 1 of the Lair of Beasts.
You worshipped Vehumet.
Vehumet was pleased with you.
You were hungry.

You visited 2 branches of the dungeon, and saw 7 of its levels.

You collected 294 gold pieces.

Inventory:

Weapons
 n - a +0 katar Shields
 f - a +0 sai (weapon)
Armour
 a - a +0 robe (worn)
 e - a +0 helmet (worn)
 g - a +0 pair of gloves (worn)
 s - a +2 cloak (worn)
Jewellery
 h - an uncursed ring of evasion
 j - a ring of wizardry (right hand)
 x - an uncursed ring of positive energy
 B - a ring of intelligence (left hand)
 E - an uncursed ring of protection from magic
 G - an uncursed ring of ice
Wands
 w - a wand of polymorph (10)
 y - a wand of scattershot
Scrolls
 b - a scroll of blinking
 d - a scroll of bless item
 i - 3 scrolls of enchantment
 k - 2 scrolls of fog
 o - a scroll of acquirement
 p - a scroll of fear
 q - a scroll of teleportation
 t - a scroll of magic mapping
Potions
 l - 2 potions of amnesia
 m - 2 potions of brilliance
 r - a potion of berserk rage
 u - a potion of cure mutation
 z - a potion of invisibility
 C - a potion of magic
 D - 3 potions of curing
 F - a potion of might
Comestibles
 c - 23 rations


   Skills:
 - Level 10.0 Dodging
 - Level 2.4 Stealth
 - Level 13.1 Spellcasting
 - Level 3.0 Summonings
 * Level 12.6 Ice Magic
 - Level 6.1 Earth Magic


You had one spell level left.
You knew the following spells:

 Your Spells              Type           Power        Failure   Level  Hunger
a - Freeze                Ice            25 (25)      0%          1    0
b - Throw Frost           Ice            50 (50)      1%          2    0
c - Ozocubu's Armour      Chrm/Ice       54 (100)     1%          3    0
d - Hailstorm             Ice            75 (100)     1%          4    0
e - Throw Icicle          Ice            75 (100)     1%          4    0
f - Summon Ice Beast      Ice/Summ       59 (100)     1%          4    0
g - Iskenderun's Icy Sph Ice 75 (200) 8% 7 178-458 h - Iron Shot Erth 53 (200) 19% 6 58-278 i - Icicle Cascade Ice            75 (200)     45%         8    298-638

Your spell library contained the following spells:

 Spells                   Type           Power        Failure   Level  Hunger
 Confusing Touch          Hex            19 (50)      1%          1    0
 Foxfire                  Fire           19 (25)      1%          1    0
 Sandblast                Erth           50 (50)      1%          1    0
 Shock                    Air            19 (25)      1%          1    0
 Ensorcelled Hibernation  Hex/Ice        50 (50)      1%          2    0
 Confuse                  Hex            19 (100)     4%          3    0
 Gell's Gravitas          Tloc           19 (200)     4%          3    0
 Petrify                  Tmut/Erth      36 (100)     4%          4    0
 Bolt of Magma Fire/Erth 36 (200) 12% 5 0-98 Yara's Violent Unravell Hex/Tmut       19 (200)     38%         5    0-98


Dungeon Overview and Level Annotations

Branches:
Dungeon (6/8)              Temple (0/1) D:4            Lair (1/6) D:5
    Orc: D:6

Altars:
Okawaru
Trog
Uskayaw
Vehumet
Wu Jian
Xom

Shops:
D:2 =

Annotations:
Lair:1 3 runed translucent doors, dpy's ghost, journeyman HOBe


Innate Abilities, Weirdness & Mutations

Your soft flesh is weak to deep cuts.
Heavy manmade armour will nullify this weakness. (rSlashing-)


Message History

The black mamba bites you (5).
You are more poisoned.
The black mamba poisons you (16)!
Your ice beast hits the blink frog (5).
Your ice beast freezes the blink frog (8)!
The yak gores your ice beast (10)! The black mamba closely misses you.
Your ice beast hits the yak but does no damage.
Unknown command.
Unknown command.
You feel sick. (2)
The black mamba misses you.
Your ice beast closely misses the blink frog.
The yak gores your ice beast (8)! The yak closely misses your ice beast.
The blink frog throws its tongue at you.
The blink frog's tongue whips you (7)!
You are wrenched violently forward by the blink frog's tongue!
The blink frog bites you (1). The blink frog body-slams you (2).
* * * LOW HITPOINT WARNING * * *
Your ice beast hits the yak but does no damage.
The black mamba bites you (12)!
You die...

..##..#.. #....!..# .#
#....... ..#
####......##†..
..........#....
..........Y....
##..Y.YY..... .# ..
#...FYY.# .# .....#
###.@SY.# .# #....#
#...###..# .####....##
###..####....
..........###............
...........##............
....................... .
.....................$#
####..........#..####.#
#....###.##.#..# .#


You could see a black mamba, 5 yaks, a blink frog and 2 friendly ice beasts.

Vanquished Creatures
  2 hydras
  A gargoyle (D:6)
  A troll (D:6)
  A komodo dragon (Lair:1)
  A vampire (D:6)
  A spiny frog (Lair:1)
  2 hippogriffs (D:6)
  A yak (D:6)
  2 slime creatures
  A phantom (D:5)
  4 water moccasins
  A scorpion (D:3)
  An orc warrior (D:5)
  A porcupine (D:4)
  A necrophage (D:6)
  A sky beast (D:6)
  4 ogres
  2 wolves (D:5)
  2 crocodiles
  4 big kobolds (D:2)
  A meliai zombie (D:4)
  2 centaurs (D:5)
  4 killer bees (D:5)
  6 jellies
  2 quasiau (D:4)
  A wight (D:5)
  5 electric eels (D:5)
  A llaibwca (D:4)
  4 hounds (D:5)
  Jessica (D:2)
  An orc priest (D:4)
  3 iguanas
  2 orc wizards
  2 worker ants
  13 giant cockroaches
  7 adders
  5 gnolls
  39 sewer rats (D:2)
  A worm (D:4)
  9 cinder newts
  7 bullfrogs
  8 oozes (D:2)
  2 dart slugs (D:1)
  6 leopard geckos
  14 orcs
  A cinder newt skeleton (D:2)
  7 goblins (D:1)
  5 hobgoblins (D:1)
  3 jackals (D:5)
  15 kobolds
  4 ball pythons
  3 bats
  A hobgoblin skeleton (D:2)
  A kobold skeleton (D:2)
  A leopard gecko skeleton (D:3)
  A quokka skeleton (D:3)
  6 rats (D:1)
  A withered plant (D:2)
229 creatures vanquished.

Vanquished Creatures (collateral kills)
  A boulder beetle (D:5)
  A wraith (D:6)
  Sigmund (D:3)
  A slime creature (D:2)
  A water moccasin (D:5)
  A black bear (D:5)
  A wolf (D:5)
  2 ogres
  Ijyb (D:3)
  A big kobold (D:2)
  A crocodile (D:2)
  4 wights (D:5)
  Prince Ribbit (D:2)
  A jelly (D:2)
  An orc wizard (D:5)
  A worker ant (D:4)
  2 wyvern zombies
  5 wyvern skeletons
  5 giant cockroaches (D:2)
  4 adders
  8 oozes (D:2)
  26 sewer rats (D:2)
  2 worms (D:2)
  3 orcs (D:5)
  An adder skeleton (D:2)
  A ball python (D:2)
  A cinder newt skeleton (D:2)
  A goblin skeleton (D:2)
  2 kobolds (D:2)
81 creatures vanquished.

Vanquished Creatures (others)
  3 kobolds (D:2)
  A fungus (Lair:1)
  2 slimeheads (D:2)
  101 withered plants (D:2)
107 creatures vanquished.

Grand Total: 417 creatures vanquished

Notes
Turn   | Place    | Note
-------+----------+-------------------------------------------
     0 | D:1      | gruber the Deep Elf Ice Elementalist began the quest for
                  | the Orb.
     0 | D:1      | Reached XP level 1. HP: 10/10 MP: 6/6
     3 | D:1      | Learned a level 2 spell: Throw Frost
     7 | D:1      | Learned a level 3 spell: Ozocubu's Armour
   106 | D:1      | Reached XP level 2. HP: 4/15 MP: 0/8
   151 | D:1      | Reached XP level 3. HP: 14/19 MP: 4/9
   505 | D:1      | Reached skill level 5 in Ice Magic
   586 | D:1      | Identified a scroll of acquirement
   649 | D:1      | Reached XP level 4. HP: 24/24 MP: 8/10
   946 | D:1      | Found an iron altar of Okawaru.
  1196 | D:1      | Identified the Catalogue of Stones and the Snowflakes (You
                  | acquired it on level 1 of the Dungeon)
  1196 | D:1      | Identified the +0 pair of boots "Zifu" {*Contam rN+ Str+3
                  | Dex+3} (You acquired it on level 1 of the Dungeon)
  1398 | D:2      | Noticed a big kobold
  1410 | D:2      | Found Qyfiecig's Jewellery Shop.
  1417 | D:2      | Noticed a big kobold
  1432 | D:2      | Killed a big kobold
  1432 | D:2      | Reached skill level 4 in Spellcasting
  1432 | D:2      | Reached XP level 5. HP: 19/28 MP: 2/13
  1507 | D:1      | HP: 1/28 [acid (7)]
  1512 | D:1      | Reached skill level 5 in Spellcasting
  1599 | D:1      | Learned a level 4 spell: Hailstorm
  1604 | D:1      | Learned a level 4 spell: Throw Icicle
  1609 | D:2      | Reached skill level 6 in Spellcasting
  1609 | D:2      | Reached XP level 6. HP: 23/32 MP: 4/17
  1616 | D:2      | Reached skill level 12 in Spellcasting
  1616 | D:2      | Reached XP level 7. HP: 27/36 MP: 3/25
  1627 | D:2      | Learned a level 4 spell: Summon Ice Beast
  1876 | D:2      | Reached skill level 13 in Spellcasting
  2105 | D:2      | Reached XP level 8. HP: 41/41 MP: 4/27
  2580 | D:2      | Noticed Jessica
  2581 | D:2      | Killed Jessica
  3145 | D:2      | Noticed Prince Ribbit
  3157 | D:2      | Reached XP level 9. HP: 13/45 MP: 3/28
  3157 | D:2      | Killed Prince Ribbit
  3507 | D:3      | Noticed Ijyb
  3515 | D:3      | Killed Ijyb
  3600 | D:3      | Noticed Sigmund
  3607 | D:3      | Killed Sigmund
  3685 | D:3      | Reached skill level 10 in Dodging
  4342 | D:4      | Found a shimmering altar of Xom.
  4344 | D:4      | Found a shimmering altar of Xom.
  4344 | D:4      | Found a shimmering altar of Xom.
  4464 | D:4      | Found a shimmering altar of Xom.
  4466 | D:4      | Found a shimmering altar of Xom.
  4466 | D:4      | Found a shimmering altar of Xom.
  4468 | D:4      | Found a shimmering altar of Xom.
  4553 | D:4      | Reached skill level 10 in Ice Magic
  4566 | D:4      | Found a radiant altar of Vehumet.
  4570 | D:4      | Became a worshipper of Vehumet
  4808 | D:4      | Found a staircase to the Ecumenical Temple.
  4867 | D:4      | Learned a level 7 spell: Iskenderun's Icy Sphere
  4874 | D:4      | Learned a level 6 spell: Iron Shot
  4874 | D:4      | Upgraded the game from 0.06-240-gf756cca71e to
                  | 0.06-248-gd4d0ce0902
  4970 | D:5      | Entered Level 5 of the Dungeon
  5003 | D:5      | Reached skill level 1 in Earth Magic
  5126 | D:5      | Found a hide-covered altar of Uskayaw.
  5191 | D:5      | Noticed a boulder beetle
  5283 | D:5      | Noticed a four-headed hydra
  5293 | D:5      | Killed a four-headed hydra
  5293 | D:5      | Reached XP level 10. HP: 48/50 MP: 13/29
  5318 | D:5      | Reached skill level 5 in Earth Magic
  5374 | D:5      | Reached * piety under Vehumet
  5374 | D:5      | Offered knowledge of Shock by Vehumet.
  5786 | D:5      | Found a staircase to the Lair.
  5820 | D:5      | Killed a boulder beetle
  5962 | D:5      | Found a bloodstained altar of Trog.
  5964 | D:5      | Found an ornate altar of the Wu Jian Council.
  6324 | D:6      | Noticed a gargoyle
  6325 | D:6      | Reached ** piety under Vehumet
  6326 | D:6      | Noticed a two-headed ogre
  6327 | D:6      | Killed a gargoyle
  6330 | D:6      | Offered knowledge of Foxfire by Vehumet.
  6842 | Lair:1   | Entered Level 1 of the Lair of Beasts
  6868 | Lair:1   | Learned a level 8 spell: Icicle Cascade
  6894 | Lair:1   | Noticed a four-headed hydra
  6899 | Lair:1   | Killed a four-headed hydra
  6899 | Lair:1   | Reached XP level 11. HP: 54/54 MP: 14/30
  6935 | Lair:1   | Found a runed translucent gate.
  6936 | Lair:1   | Found a runed translucent gate.
  6936 | Lair:1   | Noticed dpy's ghost (journeyman HOBe)
  6937 | Lair:1   | Found a runed translucent gate.
  7067 | Lair:1   | Slain by a black mamba

Levels and vault maps discovered:
D:1:      kilobyte_arrival_exit_the_forest, layout_basic, minmay_hexomino_r4,
          gup_sewer_entry_glass
D:2:      layout_sewer, sewer_frog_spiral, serial_shops, shop_fountains,
          uniq_jessica
D:3:      layout_basic, first_ration, uniq_sigmund, uniq_ijyb
D:4:      layout_roguey, nicolae_xom_altar_mimics, vehumet_crystals,
          minmay_temple_entry_hall
D:5:      layout_irregular_city, nicolae_overflow_hidden_temple,
          erik_lair_island, grunt_ogre_cave
D:6:      layout_gridville, david_orc_2, enter_ossuary_1
Lair:1:   layout_gridlike, gammafunk_ghost_split, lemuel_fruit_tree,
          grunt_megastairs_1

Skill      XL: |  1  2  3  4  5  6  7  8  9 10 |
---------------+-------------------------------+-----
Ice Magic      | 4 5 6 9 10 12 | 12.6
Spellcasting   | 4 6 12 13 | 13.1
Dodging        | 7 9 10 | 10.0
Summonings     | 3 |  3.0
Earth Magic    | 4 6 |  6.1
Stealth        | |  2.4

Action                   |  1- 3 |  4- 6 |  7- 9 | 10-12 || total
-------------------------+-------+-------+-------+-------++-------
Melee: Sai               |     5 |    12 |    57 |     2 ||    76
       Unarmed           |     5 |    11 |    55 |     2 ||    73
 Cast: Freeze            |    16 |    42 |    80 |     8 ||   146
       Throw Frost       |    16 |     3 |   142 |    23 ||   184
       Ozocubu's Armour  |       |     2 |     4 |       ||     6
       Throw Icicle      |       |     2 |    45 |    68 ||   115
       Summon Ice Beast  |       |       |    45 |    20 ||    65
       Hailstorm         |       |       |    17 |       ||    17
       Iskenderun's Icy  |       |       |       |     2 ||     2
Evoke: Wand              |       |       |     1 |       ||     1
  Use: Scroll            |       |     1 |       |       ||     1
       Potion            |       |     3 |     1 |     1 ||     5
  Eat: Chunk             |       |     1 |    11 |     5 ||    17
       Ration            |       |     1 |       |       ||     1
Armor: Robe              |     7 |    12 |    33 |    10 ||    62
Dodge: Dodged            |     4 |    10 |   110 |    18 ||   142
Block: Sai               |       |     2 |    10 |     1 ||    13
